 Dungeon Crawl Stone Soup version 0.25-a0-886-gd7461d2276 (webtiles) character file.

Game seed: 14829192684098922906, levelgen mode: deterministic

13986 Conn the Thaumaturge (level 12, -20/79 HPs)
             Began as an Octopode Wizard on May 2, 2020.
             Was a Priest of Sif Muna.
             Hit by a javelin thrown by a minotaur (29 damage)
             ... in a Gauntlet.
             The game lasted 01:47:45 (15547 turns).

Conn the Thaumaturge (Octopode Wizard)             Turns: 15547, Time: 01:47:46

Health: -20/79     AC:  2    Str:  5    XL:     12   Next: 11%
Magic:  5/36       EV: 19    Int: 28    God:    Sif Muna [***...]
Gold:   298        SH:  0    Dex: 19    Spells: 6/34 levels left

rFire    + . .     SeeInvis .   b - staff of air
rCold    + . .     Gourm    .   (no shield)
rNeg     + . .     Faith    .   s - +1 hat {MR+}
rPois    +         Spirit   .   (no amulet)
rElec    +         Reflect  .   r - ring of magical power
rCorr    .         Harm     .   v - ring of protection from fire
MR       ++...     NoTele   +   J - ring of protection from cold
Stlth    +++++.....             K - ring of wizardry
HPRegen  0.23/turn              Q - ring "Teipp" {rPois Int+4 Dex+3}
MPRegen  0.25/turn              d - ring "Qeucupheor" {rN+ MR+ EV+3 Str-2 Dex+3}
                                (no ring)
                                (no ring)

@: no status effects
A: almost no armour, stealthy swim, amphibious, 8 rings, constrict 8, camouflage
1, agile 1, robust 1, gelatinous body 1
a: Channel Magic, Forget Spell, Renounce Religion


You were in a Gauntlet.
You worshipped Sif Muna.
Sif Muna was most pleased with you.
You were not hungry.

You visited 2 branches of the dungeon, and saw 13 of its levels.
You also visited: Gauntlet.

You collected 491 gold pieces.
You spent 193 gold pieces at shops.

Inventory:

Hand Weapons
 a - the +1 dagger of the Pure Moons {vorpal, MR++ Dex-2}
   (You bought it in a shop on level 6 of the Dungeon)

   It inflicts extra damage upon your enemies.
   It affects your dexterity (-2).
   It affects your resistance to hostile enchantments.
 e - a +0 dagger
 g - a +0 short sword
 O - a +2 rapier of protection
Missiles
 h - 136 sling bullets
 n - 72 poisoned darts
 B - 8 atropa-tipped darts
 G - 6 throwing nets (quivered)
 I - 8 javelins
Armour
 s - a +1 hat of magic resistance (worn)
 F - a +2 hat
Magical Staves
 b - an uncursed staff of air (weapon)
 x - an uncursed staff of energy
Jewellery
 d - the ring "Qeucupheor" (on tentacle) {rN+ MR+ EV+3 Str-2 Dex+3}
   (You found it in a Gauntlet)

   [ring of evasion]

   It affects your evasion (+3).
   It affects your strength (-2).
   It affects your dexterity (+3).
   It protects you from negative energy.
   It affects your resistance to hostile enchantments.
 r - a ring of magical power (left tentacle)
 v - a ring of protection from fire (right tentacle)
 J - a ring of protection from cold (on tentacle)
 K - a ring of wizardry (on tentacle)
 Q - the ring "Teipp" (on tentacle) {rPois Int+4 Dex+3}
   (You took it off an orc priest on level 9 of the Dungeon)

   [ring of dexterity]

   It affects your intelligence (+4).
   It affects your dexterity (+3).
   It protects you from poison.
Wands
 z - a wand of flame (13)
 L - a wand of acid (6)
 S - a wand of random effects (11)
 T - a wand of iceblast (4)
Scrolls
 f - 2 scrolls of amnesia
 k - 8 scrolls of identify
 l - 9 scrolls of remove curse
 m - a scroll of immolation
 o - 7 scrolls of enchant weapon
 p - 7 scrolls of teleportation
 y - a scroll of noise
 A - a scroll of magic mapping
Potions
 i - 9 potions of curing
 j - a potion of stabbing {unknown}
 q - a potion of resistance {unknown}
 t - 4 potions of mutation
 u - 2 potions of degeneration {unknown}
 w - a potion of lignification {unknown}
 D - a potion of flight
 H - a potion of ambrosia
 M - 2 potions of cancellation
 N - 2 potions of brilliance {unknown}
 R - a potion of might {unknown}
Comestibles
 c - 30 rations


   Skills:
 + Level 3.2 Fighting
 + Level 3.1 Short Blades
 + Level 0.5 Staves
 + Level 4.3 Dodging
 + Level 6.3 Stealth
 * Level 11.9 Spellcasting
 * Level 8.7 Conjurations
 + Level 1.2 Hexes
   Level 3.2 Summonings
 - Level 2.1 Necromancy
 + Level 3.1 Translocations
 + Level 0.1 Fire Magic
 + Level 2.5 Air Magic
 + Level 3.4 Poison Magic
 - Level 6.0 Invocations
 + Level 0.7 Evocations


You had 6 spell levels left.
You knew the following spells:

 Your Spells              Type           Power        Failure   Level  Hunger
a - Magic Dart            Conj           ####         1%          1    None
b - Blink                 Tloc           N/A          1%          2    None
c - Ozocubu's Armour      Chrm/Ice       ###.....     4%          3    None
d - Conjure Flame         Conj/Fire      #####...     1%          3    None
e - Mephitic Cloud        Conj/Pois/Air  ######..     1%          3    None
f - Searing Ray           Conj           ######       1%          2    None
g - Animate Skeleton      Necr           N/A          1%          1    None
h - Iskenderun's Mystic   Conj/Tloc      ######..     1%          4    None
i - Fulminant Prism       Conj/Hex       #####.....   1%          4    None
j - Dazzling Flash        Conj/Hex       #####.       1%          3    None
k - Shroud of Golubria    Chrm/Tloc      ####..       1%          2    None

Your spell library contained the following spells:

 Spells                   Type           Power        Failure   Level  Hunger
 Apportation              Tloc           ####..       1%          1    None
 Corona                   Hex            ###....      1%          1    None
 Infusion                 Chrm           ###.         1%          1    None
 Summon Small Mammal      Summ           ####         1%          1    None
 Call Imp                 Summ           ####....     1%          2    None
 Slow                     Hex            ###.....     1%          2    None
 Song of Slaying          Chrm           ###.....     1%          2    None
 Gell's Gravitas          Tloc           ####......   1%          3    None
 Confusing Touch          Hex            ###.....     2%          3    None
 Spectral Weapon          Hex/Chrm       ###.....     3%          3    None
 Petrify                  Tmut/Erth      ###.....     13%         4    None
 Metabolic Englaciation   Hex/Ice        ###.......   26%         5    ###....
 Yara's Violent Unravell  Hex/Tmut       ###.......   26%         5    ###....


Dungeon Overview and Level Annotations

Branches:
Dungeon (12/15)            Temple (1/1) D:4            Lair (0/6) D:8
    Orc (0/2) D:10        Gauntlet (1/1)

Altars:
Ashenzari
Cheibriados
Dithmenos
Elyvilon
Gozag
Hepliaklqana
Makhleb
Nemelex Xobeh
Okawaru
Qazlal
Ru
Sif Muna
Uskayaw
Wu Jian
Zin
The Shining One

Shops:
D:5 *   D:6 (!(:   D:10 *

Annotations:
Gauntlet 8 transporters, 21 runed translucent doors


Innate Abilities, Weirdness & Mutations

You cannot wear most types of armour.
You are very stealthy in the water. (Stealth+)
You are amphibious.
You can wear up to eight rings at the same time.
You can use your tentacles to constrict eight enemies at once.
Your skin changes colour to match your surroundings (Stealth+).
Your rubbery body absorbs attacks. (AC +1, EV +1)
You are agile. (Dex +2)
You are robust. (+10% HP)


Message History

Unknown command.
Unknown command.
Casting: Searing Ray (safe; 1% risk of failure)
Confirm with . or Enter, or press ? or * to list all spells.
Okay, then.
Unknown command.
Unknown command.
Casting: Searing Ray (safe; 1% risk of failure)
Confirm with . or Enter, or press ? or * to list all spells.
You can't see any susceptible monsters within range! (Use Z to cast anyway.)
Casting: Searing Ray (safe; 1% risk of failure)
Confirm with . or Enter, or press ? or * to list all spells.
Aiming: Mephitic Cloud (safe; 1% risk of failure)
Press: ? - help, Shift-Dir - straight line You feel a surge of power!
The ball explodes into a vile cloud!
The stinking cloud engulfs you but does no damage.
Okay, then.
The minotaur is engulfed in noxious fumes.
The minotaur throws a javelin.
The javelin pierces through you!!
You die...

#........####.8.....8..
##.##.###..##≈..........
#8..........##...#######
#.....#.#....#...#......
#######.#.#.©8.#...#.###.#
[8/8.8#...#....#...#..#...
......'(###.©8.#.8.#©.#©#.
[8[8.8#...#....#...#....#.
#######.#@#.©8.#...#.#.###
#.....#.#....#...#......
#8......☼☼§(##...#######
##.##.###H○##≈..........
#...(H((§####.8.....8..
############...........
#≈...########
##§..#...+..+
#≈...#...+..+


You could see a minotaur.

Vanquished Creatures
  Josephine (D:11)
  The ghost of endorz the Markscentaur, a journeyman CeHu of Okawaru (D:10)
  A great orb of eyes (Gauntlet)
  A centaur warrior (D:10)
  A cyclops (D:12)
  3 ugly things
  2 hippogriffs
  4 centaur simulacra (Gauntlet)
  6 yaks (D:10)
  A wyvern (D:11)
  7 wraiths
  A hungry ghost (D:12)
  A harpy simulacrum (Gauntlet)
  Duvessa (D:7)
  2 water moccasins
  4 orc warriors
  4 porcupines (D:8)
  3 black bears
  4 ice beasts
  2 phantoms
  4 necrophages
  2 sky beasts
  12 centaurs
  6 ogres
  4 bullfrogs
  A wyvern zombie (D:5)
  Dowan (D:7)
  4 killer bees
  4 wights (D:11)
  8 howler monkeys
  4 electric eels (D:9)
  3 crimson imps
  A jelly (D:5)
  A quasit (D:11)
  2 hounds
  A bullfrog zombie (D:11)
  8 orc priests
  6 iguanas
  7 orc wizards
  5 worker ants
  A hound skeleton (D:5)
  2 worker ant zombies (D:11)
  A river rat (D:3)
  9 adders
  A howler monkey skeleton (D:3)
  4 shadow imps
  An ooze (D:3)
  3 adder zombies
  A worm (D:3)
  A dart slug (D:1)
  6 leopard geckos
  42 orcs
  A ball python (D:1)
  4 giant cockroaches
  2 goblins
  8 hobgoblins
  10 jackals
  7 kobolds
  3 quokkas
  7 bats
  6 frilled lizards
  A jackal skeleton (D:5)
  A rat (D:1)
  2 fulminant prisms
258 creatures vanquished.

Vanquished Creatures (collateral kills)
  A hungry ghost (D:11)
  A wyvern (D:10)
  A black bear (D:10)
  An ogre (D:10)
  A big kobold (D:11)
  A scorpion (D:2)
  3 killer bees
  A wight (D:11)
  A crimson imp (D:6)
  2 hounds
  A jelly (D:7)
  A killer bee zombie (D:6)
  2 adders
  A shadow imp (D:6)
  6 orcs
  4 giant cockroaches
  A kobold (D:11)
  2 rats (D:2)
31 creatures vanquished.

Vanquished Creatures (others)
  An orc wizard (D:9)
  26 fulminant prisms
  A plant (D:8)
28 creatures vanquished.

Grand Total: 317 creatures vanquished

Notes
Turn   | Place    | Note
-------+----------+-------------------------------------------
     0 | D:1      | Conn the Octopode Wizard began the quest for the Orb.
     0 | D:1      | Reached XP level 1. HP: 11/11 MP: 4/4
   186 | D:1      | Reached XP level 2. HP: 14/17 MP: 0/6
   953 | D:2      | Reached XP level 3. HP: 21/21 MP: 4/8
  1334 | D:2      | Learned a level 2 spell: Blink
  1337 | D:2      | Learned a level 2 spell: Call Imp
  1341 | D:2      | Learned a level 3 spell: Conjure Flame
  1355 | D:2      | Noticed a scorpion
  1393 | D:2      | Killed a scorpion
  1393 | D:2      | Reached skill level 4 in Spellcasting
  1393 | D:2      | Reached XP level 4. HP: 27/27 MP: 10/10
  1970 | D:3      | Learned a level 3 spell: Mephitic Cloud
  2160 | D:3      | Reached XP level 5. HP: 25/32 MP: 11/11
  2514 | D:3      | Found a glowing drain.
  2829 | D:4      | Reached skill level 1 in Short Blades
  2912 | D:5      | Entered Level 5 of the Dungeon
  3040 | D:5      | Found Miafiribb's General Store.
  3061 | D:5      | Noticed a sky beast
  3071 | D:5      | Noticed a centaur
  3073 | D:5      | Noticed an ogre
  3418 | D:6      | Noticed an ice beast
  3443 | D:6      | Killed an ice beast
  3443 | D:6      | Reached XP level 6. HP: 35/37 MP: 13/13
  3555 | D:6      | Found Wiplut's Antique Weapon Boutique.
  3563 | D:6      | Reached skill level 5 in Spellcasting
  4324 | D:6      | Learned a level 2 spell: Searing Ray
  4338 | D:5      | Reached XP level 7. HP: 42/42 MP: 14/15
  4340 | D:5      | Reached skill level 1 in Fighting
  4867 | D:5      | Reached skill level 6 in Spellcasting
  5219 | D:4      | Reached XP level 8. HP: 48/48 MP: 17/17
  5332 | D:4      | Found a staircase to the Ecumenical Temple.
  5460 | D:4      | Learned a level 1 spell: Animate Skeleton
  5461 | Temple   | Entered the Ecumenical Temple
  5499 | Temple   | Became a worshipper of Sif Muna the Loreminder
  5588 | D:4      | Found an iron altar of Okawaru.
  5591 | D:4      | Found a glowing silver altar of Zin.
  5594 | D:4      | Found a hazy altar of Hepliaklqana.
  6015 | D:5      | Gained mutation: You are agile. (Dex +2) [potion of
                  | mutation]
  6015 | D:5      | Gained mutation: You are robust. (+10% HP) [potion of
                  | mutation]
  6029 | D:5      | Reached skill level 1 in Necromancy
  6099 | D:5      | Reached skill level 7 in Spellcasting
  6287 | D:5      | Found a glowing golden altar of the Shining One.
  6382 | D:5      | Bought a scroll of teleportation for 39 gold pieces
  6572 | D:6      | Found Vithreig's Book Boutique.
  6585 | D:6      | Found Ceifeof's Antique Weapon Boutique.
  6587 | D:6      | Found Lyanatwa's Distillery.
  6602 | D:6      | Reached skill level 1 in Poison Magic
  6720 | D:6      | Bought a transparent dagger for 154 gold pieces
  6720 | D:6      | Identified the +1 dagger of the Pure Moons {vorpal, MR++
                  | Dex-2} (You bought it in a shop on level 6 of the Dungeon)
  6830 | D:7      | Noticed Dowan
  6837 | D:7      | Noticed Duvessa
  6841 | D:7      | Killed Dowan
  7232 | D:7      | Found an iron altar of Okawaru.
  7294 | D:7      | Killed Duvessa
  7294 | D:7      | Reached XP level 9. HP: 59/59 MP: 19/20
  7422 | D:7      | Found a sacrificial altar of Ru.
  7498 | D:7      | Found a burning altar of Makhleb.
  7566 | D:7      | Reached * piety under Sif Muna
  7648 | D:7      | Found a sacrificial altar of Ru.
  7741 | D:7      | Learned a level 4 spell: Iskenderun's Mystic Blast
  7746 | D:7      | Learned a level 4 spell: Fulminant Prism
  7760 | D:7      | Reached skill level 8 in Spellcasting
  8557 | D:8      | Reached skill level 5 in Conjurations
  8557 | D:8      | Reached skill level 1 in Invocations
  8715 | D:8      | Found a staircase to the Lair.
  8732 | D:8      | Reached skill level 1 in Air Magic
  9095 | D:8      | Reached skill level 9 in Spellcasting
  9095 | D:8      | Reached XP level 10. HP: 67/67 MP: 23/23
  9521 | D:8      | Learned a level 3 spell: Dazzling Flash
  9555 | D:9      | Reached skill level 5 in Stealth
 10435 | D:9      | Identified the ring "Teipp" {rPois Int+4 Dex+3}
 10451 | D:9      | Reached ** piety under Sif Muna
 11319 | D:10     | Entered Level 10 of the Dungeon
 11355 | D:10     | Found a staircase to the Orcish Mines.
 11508 | D:10     | Found a runed translucent door.
 11620 | D:10     | Noticed a centaur warrior
 11638 | D:10     | Killed a centaur warrior
 11638 | D:10     | Reached skill level 10 in Spellcasting
 11638 | D:10     | Reached skill level 5 in Invocations
 11638 | D:10     | Reached XP level 11. HP: 45/71 MP: 3/25
 11676 | D:10     | Found Gunezuzo's General Store.
 11772 | D:10     | Got a jewelled battleaxe
 11773 | D:10     | Identified the +5 battleaxe of the Evil Eye {vorpal, Str+4
                  | Int-5} (You found it on level 10 of the Dungeon)
 11873 | D:10     | Noticed endorz's ghost (journeyman CeHu)
 11920 | D:10     | Killed endorz's ghost
 13090 | D:11     | Reached *** piety under Sif Muna
 13143 | D:11     | Noticed a cyan ugly thing
 13178 | D:11     | Killed a cyan ugly thing
 13382 | D:11     | Reached skill level 11 in Spellcasting
 13606 | D:11     | Learned a level 2 spell: Shroud of Golubria
 13646 | D:11     | Noticed Josephine
 13904 | D:11     | Killed Josephine
 14167 | D:12     | Noticed a cyclops
 14183 | D:12     | Killed a cyclops
 14240 | D:12     | Noticed a death knight
 14301 | D:12     | Found a gate leading to a gauntlet.
 14308 | Gauntlet | Entered a Gauntlet
 14308 | Gauntlet | Found a transporter.
 14540 | Gauntlet | Found a transporter.
 14552 | Gauntlet | Found a transporter.
 14552 | Gauntlet | Noticed a green death
 14556 | Gauntlet | Found a transporter.
 14566 | Gauntlet | Found a transporter.
 14567 | Gauntlet | Noticed a dire elephant
 14584 | Gauntlet | Noticed a green ugly thing
 14587 | Gauntlet | Found a transporter.
 14590 | Gauntlet | Found a transporter.
 14594 | Gauntlet | Found a transporter.
 14597 | Gauntlet | Noticed a red ugly thing
 14599 | Gauntlet | Noticed a great orb of eyes
 14609 | Gauntlet | Found a large runed translucent door.
 14609 | Gauntlet | Found a large runed translucent door.
 14610 | Gauntlet | Found a large runed translucent door.
 14611 | Gauntlet | Found a large runed translucent door.
 14612 | Gauntlet | Found a runed translucent gate.
 14613 | Gauntlet | Found a transporter.
 14613 | Gauntlet | Found a runed translucent gate.
 14613 | Gauntlet | Noticed a dire elephant
 14614 | Gauntlet | Found a large runed translucent door.
 14614 | Gauntlet | Found a runed translucent gate.
 14615 | Gauntlet | Found a large runed translucent door.
 14615 | Gauntlet | Found a large runed translucent door.
 14616 | Gauntlet | Found a large runed translucent door.
 14617 | Gauntlet | Found a large runed translucent door.
 14626 | Gauntlet | Found a large runed translucent door.
 14626 | Gauntlet | Found a large runed translucent door.
 14626 | Gauntlet | Found a runed translucent door.
 14626 | Gauntlet | Found a runed translucent door.
 14627 | Gauntlet | Found a large runed translucent door.
 14628 | Gauntlet | Found a large runed translucent door.
 14634 | Gauntlet | Found a transporter.
 14634 | Gauntlet | Found a transporter.
 14639 | Gauntlet | Noticed a wolf spider
 14642 | Gauntlet | Found a transporter.
 14665 | Gauntlet | Noticed an entropy weaver
 14672 | Gauntlet | Found a large runed translucent door.
 14673 | Gauntlet | Found a large runed translucent door.
 14674 | Gauntlet | Found a large runed translucent door.
 14826 | Gauntlet | Learned a level 3 spell: Ozocubu's Armour
 15012 | Gauntlet | Killed a red ugly thing
 15012 | Gauntlet | Reached XP level 12. HP: 48/79 MP: 17/27
 15014 | Gauntlet | Killed a great orb of eyes
 15014 | Gauntlet | Reached skill level 1 in Hexes
 15332 | Gauntlet | Got a wavering copper ring
 15339 | Gauntlet | Identified the ring "Qeucupheor" {rN+ MR+ EV+3 Str-2 Dex+3}
                  | (You found it in a Gauntlet)
 15372 | Gauntlet | Identified the cursed +0 flail "Paugu" {freeze, rElec rF+
                  | Dex+2}
 15372 | Gauntlet | Noticed a minotaur
 15547 | Gauntlet | Hit by a javelin thrown by a minotaur

Levels and vault maps discovered:
D:1:      onia_arrival_mini_spirals, layout_basic
D:2:      kennysheep_big_flooded_room, layout_basic
D:3:      layout_loops_ring, portal_sewer_entry_c
D:4:      layout_gridville, grunt_temple_overflow_diamond,
          minmay_temple_entry_wispy
D:5:      layout_rooms, lemuel_coloured_pillars_altar, serial_shops,
          nicolae_shop_statue_plus, first_ration, enter_ossuary_5
D:6:      layout_basic, minmay_shop_grid_forest
D:7:      layout_layer_cave, lemuel_doored_altar,
          nicolae_overflow_hidden_temple, basic_altar, grunt_ogre_cave,
          okawaru_trees_1, uniq_duvessa
D:8:      layout_basic, due_lair_maze_entry_diamond, supply_closet_lemuel
D:9:      layout_basic, hive_lemuel
D:10:     layout_irregular_city, orc_0_dummy, gammafunk_ghost_grave,
          serial_shops, shop, minivault_27
D:11:     layout_rooms, nicolae_zen_rock_garden, uniq_josephine
D:12:     layout_long_grid, gauntlet_entry_generic,
          minmay_checkered_concentric_circles
Temple:   eino_temple_rhombus
Gauntlet: minmay_gauntlet_mixed_oops_all_seconds
          [minmay_gauntlet_arena_77_hold_the_fort,
          gammafunk_gauntlet_arena_split_x, minmay_gauntlet_arena_77_braids,
          gammafunk_gauntlet_arena_corners,
          minmay_gauntlet_arena_77_broken_ladder,
          minmay_gauntlet_arena_make_your_own_arena,
          nicolae_gauntlet_exit_dead_adventurers]

Skill      XL: |  1  2  3  4  5  6  7  8  9 10 11 12 |
---------------+-------------------------------------+-----
Stealth        | 3 4 5 6 |  6.3
Spellcasting   | 4 5 6 7 9 10 11 | 11.9
Short Blades   | 1 2 3 |  3.1
Translocations | 2 3 |  3.1
Summonings     | 2 3 |  3.2
Conjurations   | 2 4 5 7 8 |  8.7
Fighting       | 1 2 3 |  3.2
Dodging        | 3 4 |  4.3
Necromancy     | 2 |  2.1
Poison Magic   | 1 2 3 |  3.4
Invocations    | 2 5 6 |  6.0
Air Magic      | 1 2 |  2.5
Hexes          | 1 |  1.2
Staves         | |  0.5
Fire Magic     | |  0.1
Evocations     | |  0.7

Action                   |  1- 3 |  4- 6 |  7- 9 | 10-12 || total
-------------------------+-------+-------+-------+-------++-------
Melee: Unarmed           |    11 |       |       |       ||    11
       Short sword       |    33 |    90 |    43 |       ||   166
       Constrict         |    10 |    18 |    17 |    30 ||    75
       Tentacles         |     6 |    11 |    12 |    23 ||    52
       Dagger            |       |       |    15 |   106 ||   121
       Staff             |       |       |    10 |    45 ||    55
Throw: Throwing net      |       |       |     1 |       ||     1
 Cast: Magic Dart        |    28 |    62 |   116 |   117 ||   323
       Call Imp          |     5 |    18 |       |     5 ||    28
       Blink             |       |     2 |    13 |     6 ||    21
       Searing Ray       |       |     2 |    35 |    49 ||    86
       Mephitic Cloud    |       |       |    22 |    55 ||    77
       Conjure Flame     |       |       |     2 |     4 ||     6
       Animate Skeleton  |       |       |     4 |    30 ||    34
       Fulminant Prism   |       |       |     3 |    25 ||    28
       Iskenderun's Myst |       |       |     1 |    12 ||    13
       Dazzling Flash    |       |       |       |     2 ||     2
       Shroud of Golubri |       |       |       |     1 ||     1
       Ozocubu's Armour  |       |       |       |     2 ||     2
Evoke: Wand              |       |     4 |       |     2 ||     6
  Use: Potion            |       |     1 |     3 |     6 ||    10
       Scroll            |       |       |     2 |    10 ||    12
 Stab: Sleeping          |     3 |     7 |       |       ||    10
       Confused          |       |       |     5 |    11 ||    16
  Eat: Chunk             |     1 |     8 |    13 |    18 ||    40
       Ration            |       |     1 |       |     1 ||     2
Armor: Skin              |     1 |     5 |     6 |     7 ||    19
Dodge: Dodged            |    24 |    82 |    63 |   164 ||   333

Table legend:
 A = Non-vault XP
 B = Vault XP
 C = Vault XP percentage of total XP
 D = Non-vault monster count
 E = Vault monster count
 F = Vault count percentage of total count
                 A         B        C        D         E       F
            +---------+---------+-------+---------+---------+-------
      Total |   12962 |    7019 |  35.1 |     257 |      30 |  10.5
            +---------+---------+-------+---------+---------+-------
        D:1 |      32 |       0 |   0.0 |      17 |       0 |   0.0
        D:2 |      99 |       1 |   1.0 |      22 |       1 |   4.3
        D:3 |      62 |      18 |  22.5 |      15 |       5 |  25.0
        D:4 |     427 |       0 |   0.0 |      17 |       0 |   0.0
        D:5 |    1014 |       0 |   0.0 |      27 |       0 |   0.0
        D:6 |     343 |       0 |   0.0 |      19 |       0 |   0.0
        D:7 |    1078 |     307 |  22.2 |      22 |       3 |  12.0
        D:8 |     599 |     874 |  59.3 |       5 |       7 |  58.3
        D:9 |    1965 |       0 |   0.0 |      36 |       0 |   0.0
       D:10 |    2619 |    1020 |  28.0 |      18 |       1 |   5.3
       D:11 |    3320 |    1914 |  36.6 |      51 |       5 |   8.9
       D:12 |    1404 |       0 |   0.0 |       8 |       0 |   0.0
   Gauntlet |       0 |    2885 | 100.0 |       0 |       8 | 100.0
            +---------+---------+-------+---------+---------+-------
